 Dungeon Crawl Stone Soup version 0.21.1-1-g345015f (webtiles) character file.

2 tidbits the Charmwright (level 1, 20/20 HPs)
             Began as a Gnoll Skald on June 22, 2018.
             Quit the game on level 1 of the Dungeon.
             The game lasted 00:00:52 (120 turns).

tidbits the Charmwright (Gnoll Skald)                Turns: 120, Time: 00:00:53

Health: 20/20      AC:  3    Str: 13    XL:     1   Next: 30%
Magic:  6/6        EV: 14    Int: 15    God:
Gold:   13         SH:  0    Dex: 14    Spells: 8/9 levels left

rFire    . . .     SeeInvis .   a - +0 hand axe
rCold    . . .     Gourm    .   (no shield)
rNeg     . . .     Faith    +   b - +0 leather armour
rPois    .         Spirit   .   (no helmet)
rElec    .         Reflect  .   (no cloak)
rCorr    .         Harm     .   (no gloves)
MR       .....                  (no boots)
Stlth    +.........             h - amulet of faith
HPRegen  0.06/turn              (no ring)
MPRegen  0.10/turn              (no ring)

@: no status effects
A: distributed training, fangs 1, strong nose
a: no special abilities


You were on level 1 of the Dungeon.
You were not hungry.

You visited 1 branch of the dungeon, and saw 2 of its levels.

You collected 13 gold pieces.

Inventory:

Hand Weapons
 a - a +0 hand axe (weapon)
Armour
 b - a +0 leather armour (worn)
Jewellery
 h - an amulet of faith (around neck)
   (You found it on level 1 of the Dungeon)
Scrolls
 e - a scroll of remove curse {unknown}
 f - 2 scrolls of identify {unknown}
 g - a scroll of amnesia {unknown}
 i - a scroll of random uselessness {unknown}
Books
 c - a book of Battle

   Spells                             Type                      Level
   a - Infusion                       Charms                       1
   b - Shroud of Golubria             Charms/Translocation         2
   c - Song of Slaying                Charms                       2
   d - Spectral Weapon                Hexes/Charms                 3
   e - Regeneration                   Charms/Necromancy            3
Comestibles
 d - a ration


   Skills:
 + Level 4.4 Fighting
 + Level 0.0 Short Blades
 + Level 0.0 Long Blades
 + Level 4.4 Axes
 + Level 0.0 Maces & Flails
 + Level 0.0 Polearms
 + Level 0.0 Staves
 + Level 0.0 Slings
 + Level 0.0 Bows
 + Level 0.0 Crossbows
 + Level 0.0 Throwing
 + Level 2.3 Armour
 + Level 4.4 Dodging
 + Level 0.0 Stealth
 + Level 0.0 Shields
 + Level 0.0 Unarmed Combat
 + Level 4.8 Spellcasting
 + Level 0.0 Conjurations
 + Level 0.0 Hexes
 + Level 5.3 Charms
 + Level 0.0 Summonings
 + Level 0.0 Necromancy
 + Level 0.0 Translocations
 + Level 0.0 Transmutations
 + Level 0.0 Fire Magic
 + Level 0.0 Ice Magic
 + Level 0.0 Air Magic
 + Level 0.0 Earth Magic
 + Level 0.0 Poison Magic
 + Level 0.0 Invocations
 + Level 0.0 Evocations


You had 8 spell levels left.
You knew the following spells:

 Your Spells              Type           Power        Failure   Level  Hunger
i - Infusion              Chrm           ###.         2%          1    None


Dungeon Overview and Level Annotations

Branches:
Dungeon (2/15)

Altars:


Innate Abilities, Weirdness & Mutations

Your experience applies equally to all skills.
You have very sharp teeth.
Your uncanny sense of smell can sniff out nearby items.


Message History

Welcome, tidbits the Gnoll Skald.
The bosom of this dungeon contains the fabled artefact, the Orb of Zot.
Press ? for a list of commands and other information.
Found a staircase leading out of the dungeon.
You open the door. You open the door.
Unknown command.
There is an open door here.
Found 19 bolts.
A kobold comes into view.
Found a scroll labeled INYOHEREHI.
Found an escape hatch in the floor.
Casting: Infusion
Confirm with . or Enter, or press ? or * to list all spells.
You begin infusing your attacks with magical energy.
The kobold barely misses you.
You see here a scroll labeled INYOHEREHI.
You hit the kobold!
You kill the kobold!
e - a scroll labeled INYOHEREHI
Found a dagger and a scroll labeled TIAMAI OLEWU.
You see here a scroll labeled TIAMAI OLEWU.
f - a scroll labeled TIAMAI OLEWU Your magical infusion is running out.
Found a whip and a scroll labeled TIAMAI OLEWU.
Found a stone staircase leading down.
Found a scroll labeled FAQAT HEZAY.
You are no longer magically infusing your attacks.
Found a scroll labeled BENWA DU HOFUCS.
You see here a scroll labeled TIAMAI OLEWU.
f - 2 scrolls labeled TIAMAI OLEWU (gained 1)
A goblin comes into view.
The goblin shouts!
You see here a scroll labeled FAQAT HEZAY.
g - a scroll labeled FAQAT HEZAY
Casting: Infusion
Confirm with . or Enter, or press ? or * to list all spells.
You begin infusing your attacks with magical energy.
You hit the goblin.
You kill the goblin!
Found a leather armour.
There is a stone staircase leading down here.
You climb downwards. 2 jackals, a kobold and an orc come into view.
Found a scroll labeled QOKOPTU NOMAD and a scroll labeled BIHIVU HUECH.
Found a stone staircase leading down.
There is a stone staircase leading up here.
The kobold shouts!
The orc shouts!
The jackal barks!
You climb upwards.
There is a stone staircase leading down here.
Unknown command.
Your magical infusion is running out.
You are no longer magically infusing your attacks.
Found a dented soapstone amulet.
Found 13 gold pieces.
You see here 13 gold pieces.
You now have 13 gold pieces.
You see here a dented soapstone amulet.
h - a dented soapstone amulet Put on which piece of jewellery? (? for menu, Esc to quit)
You don't have any such object.
Put on which piece of jewellery? (? for menu, Esc to quit)
You feel a strange surge of divine interest.
h - an amulet of faith (around neck)
You see here a scroll labeled BENWA DU HOFUCS.
i - a scroll labeled BENWA DU HOFUCS
Found a dagger.
You enter a teleport trap!
The teleport trap disappears.
Your surroundings suddenly seem different.
There is an open door here.
Are you sure you want to abandon this character and quit the game? (Confirm with "yes".)

.## ... #.# ..# ###
..# #.# ∆ ..# #.#
..########## #.#
...........### #@#
.............###.#
##.#######....##.#
##.# #.......#'#### ∆
.#.# #.#######.#8.#
.#.# #.#..........#
...# #####8..8..8...#
.#.# #...'.........<#
.#.###.###8..8..8...#


There were no monsters in sight!

Vanquished Creatures
  A goblin (D:1)
  A kobold (D:1)
2 creatures vanquished.

Notes
Turn   | Place    | Note
-------+----------+-------------------------------------------
     0 | D:1      | tidbits the Gnoll Skald began the quest for the Orb.
     0 | D:1      | Reached XP level 1. HP: 20/20 MP: 6/6
   120 | D:1      | Quit the game

Action                   || total
-------------------------++-------
Melee: Hand axe          ||     2
 Cast: Infusion          ||     2
Dodge: Dodged            ||     1

Table legend:
 A = Turns spent in this place as a percentage of turns spent in the entire game.
 B = Non-inter-level travel turns spent in this place as a percentage of non-inter-level travel turns spent in the entire game.
 C = Inter-level travel turns spent in this place as a percentage of turns spent in this place.
 D = Turns resting spent in this place as a percentage of non-inter-level travel turns spent in this place.
 E = Turns spent auto-exploring this place as a percentage of non-inter-level travel turns spent in this place.
 F = Non-inter-level travel turns spent in this place divided by the number of levels of this place that you've seen.
                   A       B       C       D       E      F
               +-------+-------+-------+-------+-------+----------------------
         Total | 100.0 | 100.0 |   0.0 |   0.0 |   0.0 |  60.0
       Dungeon | 100.0 | 100.0 |   0.0 |   0.0 |   0.0 |  60.0
               +-------+-------+-------+-------+-------+----------------------

Table legend:
 A = Kills in this place as a percentage of kills in entire the game.
 B = Kills by you in this place as a percentage of kills by you in the entire game.
 C = Kills by friends in this place as a percentage of kills by friends in the entire game.
 D = Other kills in this place as a percentage of other kills in the entire game.
 E = Experience gained in this place as a percentage of experience gained in the entire game.
 F = Experience gained in this place divided by the number of levels of this place that you have seen.
                   A       B       C       D       E      F
               +-------+-------+-------+-------+-------+----------------------
         Total | 100.0 | 100.0 |   N/A |   N/A | 100.0 |   1.5
       Dungeon | 100.0 | 100.0 |   N/A |   N/A | 100.0 |   1.5
               +-------+-------+-------+-------+-------+----------------------

Vault maps used:
D:1:      elethiomel_arrival_quiet, minmay_octomino_e4
D:2:      uniq_crazy_yiuf_cottage
